 Dungeon Crawl Stone Soup version 0.23-a0-373-g305c090 (webtiles) character file.

18317 Garbasso the Fighter (level 12, -2/158 HPs)
             Began as an Ogre Transmuter on Oct 25, 2018.
             Was a Priest of Yredelemnul.
             Slain by an alligator (9 damage)
             ... on level 4 of the Lair of Beasts.
             The game lasted 00:41:31 (18257 turns).

Garbasso the Fighter (Ogre Transmuter)             Turns: 18257, Time: 00:41:32

Health: -2/158     AC:  6    Str: 17    XL:     12   Next: 57%
Magic:  19/20      EV: 11    Int: 18    God:    Yredelemnul [***...]
Gold:   925        SH:  0    Dex:  9    Spells: 5/22 levels left

rFire    . . .     SeeInvis +     - Unarmed
rCold    + + +     Gourm    .   (shield currently unavailable)
rNeg     . . .     Faith    +   (armour currently unavailable)
rPois    +         Spirit   .   (helmet currently unavailable)
rElec    .         Reflect  .   (cloak currently unavailable)
rCorr    .         Harm     .   (gloves unavailable)
MR       +....                  (boots unavailable)
Stlth    +.........             s - amulet of faith
HPRegen  0.36/turn              l - ring of see invisible
MPRegen  0.17/turn              n - ring of protection from fire

@: ice-form
A: large, unfitting armour
a: End Transformation, Recall Undead Slaves, Injury Mirror, Animate Dead,
Renounce Religion


You were on level 4 of the Lair of Beasts.
You worshipped Yredelemnul.
Yredelemnul was most pleased with you.
You were not hungry.
You were a creature of crystalline ice.
You visited 3 branches of the dungeon, and saw 15 of its levels.

You collected 925 gold pieces.

Inventory:

Missiles
 a - 196 arrows
 t - 10 tomahawks (quivered)
Armour
 b - a +0 robe (melded)
 x - the +1 cloak of Starlight (melded) {rElec rC+ EV+4 Stlth--}
   (You found it on level 9 of the Dungeon)

   It affects your evasion (+4).
   It protects you from cold.
   It insulates you from electricity.
   It makes you much less stealthy.
 F - +0 ice dragon scales
Jewellery
 l - a ring of see invisible (left front paw)
 n - a ring of protection from fire (right front paw)
 s - an amulet of faith (around neck)
 w - the ring "Xicw" {Fire rPois rN+++ Str+2 Int-5}
   (You found it on level 8 of the Dungeon)

   [ring of fire]

   It enhances your fire magic.
   It affects your strength (+2).
   It affects your intelligence (-5).
   It protects you from fire.
   It makes you vulnerable to cold.
   It protects you from poison.
   It renders you almost immune to negative energy.
Wands
 f - a wand of polymorph (10)
 k - a wand of digging (6)
 C - a wand of paralysis (12)
 D - a wand of acid (10)
 E - a wand of iceblast (5)
 G - a wand of flame (21)
Scrolls
 e - 4 scrolls of magic mapping
 h - 11 scrolls of teleportation
 j - a scroll of amnesia
 p - 2 scrolls of identify
 q - 4 scrolls of remove curse
 r - 2 scrolls of enchant weapon
 y - 2 scrolls of enchant armour
Potions
 g - 10 potions of curing
 i - 4 potions of brilliance
 o - 3 potions of lignification
 v - 2 potions of agility
 z - 2 potions of ambrosia
 B - a potion of haste {unknown}
 H - a potion of berserk rage {unknown}
Miscellaneous
 A - a lamp of fire
Comestibles
 d - 29 rations
 m - 4 chunks of flesh


   Skills:
 + Level 11.9 Fighting
 + Level 4.8 Dodging
 * Level 11.7 Unarmed Combat
 + Level 5.9 Spellcasting
 - Level 3.0 Necromancy
 - Level 8.0 Transmutations
 - Level 3.0 Ice Magic
 + Level 5.4 Invocations


You had 5 spell levels left.
You knew the following spells:

 Your Spells              Type           Power        Failure   Level  Hunger
a - Blade Hands           Tmut           ####......   12%         5    #####..
b - Sticks to Snakes      Tmut           ####....     1%          2    None
c - Regeneration          Chrm/Necr      ##........   19%         3    ##.....
d - Ice Form              Ice/Tmut       ####....     12%         4    ####...
f - Spider Form           Tmut/Pois      ###.......   7%          3    ##.....

Your spell library contained the following spells:

 Spells                   Type           Power        Failure   Level  Hunger
 Beastly Appendage        Tmut           ####..       1%          1    None
 Passwall                 Tmut/Erth      ###.....     3%          2    None
 Infusion                 Chrm           #...         12%         1    None
 Shroud of Golubria       Chrm/Tloc      #.........   19%         2    None
 Song of Slaying          Chrm           #.......     19%         2    None
 Swiftness                Chrm/Air       #.......     19%         2    None
 Spectral Weapon          Hex/Chrm       #.......     36%         3    ##.....
 Passage of Golubria      Tloc           N/A          77%         4    ####...
 Lee's Rapid Deconstruct  Erth           #.........   98%         5    #####..
 Darkness                 Hex            #.........   100%        6    #######
 Invisibility             Hex            #.......     100%        6    #######


Dungeon Overview and Level Annotations

Branches:
Dungeon (10/15)            Temple (1/1) D:7            Lair (4/6) D:8
 Shoals (0/4) Lair:3        Snake (0/4) Lair:3
    Orc: D:9-12

Altars:
Ashenzari
Cheibriados
Dithmenos
Elyvilon
Fedhas
Gozag
Hepliaklqana
Kikubaaqudgha
Makhleb
Nemelex Xobeh
Okawaru
Qazlal
Ru
Sif Muna
Trog
Uskayaw
Vehumet
Wu Jian
Xom
Yredelemnul
Zin
The Shining One

Shops:
D:9 [

Annotations:
D:3 2 transporters
D:4 3 runed doors, derval's ghost, amateur DEAE
Lair:2 3 runed doors, Garbasso's ghost, journeyman OgTm


Innate Abilities, Weirdness & Mutations

You are too large for most types of armour.
((You have tough skin. (AC +1)))


Message History

The swamp dragon bites your hippogriff skeleton!
The swamp dragon claws your hippogriff skeleton!
The swamp dragon tramples your hippogriff skeleton!
Your hippogriff skeleton is shoved backwards!
Your hippogriff skeleton is destroyed!
The alligator bites you!
* * * LOW HITPOINT WARNING * * *
The alligator tail-slaps you!
* * * LOW HITPOINT WARNING * * *
Your wight hits the swamp dragon with a battleaxe!!
The swamp dragon dies!
Yredelemnul accepts your kill.
As you read the scroll of fear, it crumbles to dust.
You assume a fearsome visage.
The alligator resists with some effort.
Your wight is unaffected.
The alligator bites you!!
* * * LOW HITPOINT WARNING * * *
The alligator tail-slaps you!
You die...
Your body rises from the dead as a mindless zombie.

.# ...# ..# ≈t! ..#
≈≈≈# ..# ≈t≈≈ ##.#
≈≈≈≈ #..##≈≈ #Yt#≈#
##.≈≈## #≈ #z≈≈≈#≈≈≈
##.≈≈##≈≈≈≈≈#.
#..≈≈#≈≈≈≈≈≈.#≈
##.≈≈≈##≈#≈≈≈...
#.≈≈≈≈≈≈≈≈≈≈...
##.≈≈≈#≈≈≈≈≈#..# #
####..≈≈≈≈≈≈≈≈≈≈≈≈≈≈≈


You could see an alligator and a friendly wight.

Vanquished Creatures
  A hydra (Lair:1)
  An ice dragon (Lair:1)
  An alligator (Lair:4)
  5 elephants (Lair:3)
  A merfolk siren (Lair:3)
  3 spiny frogs
  A rime drake (Lair:3)
  2 merfolk (Lair:3)
  Prince Ribbit (D:6)
  3 blink frogs (Lair:3)
  4 hippogriffs
  A vampire (D:10)
  Sigmund (D:6)
  A wyvern (Lair:3)
  12 yaks
  A hungry ghost (D:8)
  Menkaure (D:7)
  2 nagas (Lair:3)
  4 porcupines
  6 water moccasins
  4 orc warriors
  A black bear (D:7)
  A sky beast (D:5)
  2 phantoms
  7 ogres
  A necrophage (D:7)
  4 wolves (Lair:3)
  2 centaurs
  4 crocodiles
  2 big kobolds
  12 bullfrogs
  A scorpion (D:9)
  2 killer bees (D:9)
  10 wights
  3 howler monkeys
  2 crimson imps
  2 bullfrog zombies
  A quasit (D:8)
  2 bullfrog skeletons
  6 hounds
  6 orc priests
  A centaur zombie (D:6)
  3 orc wizards
  Jessica (D:3)
  2 centaur skeletons
  4 worker ants
  Ijyb (D:3)
  4 iguanas
  A killer bee zombie (D:7)
  6 gnolls
  9 adders
  2 shadow imps
  3 oozes
  An adder skeleton (D:5)
  A worm (D:4)
  4 dart slugs
  5 leopard geckos
  19 orcs
  2 ball pythons
  6 giant cockroaches
  7 goblins
  12 hobgoblins
  14 jackals
  13 kobolds
  4 quokkas
  8 bats
  6 frilled lizards
  A jackal skeleton (D:2)
  2 leopard gecko skeletons
  7 rats
276 creatures vanquished.

Vanquished Creatures (collateral kills)
  Urug (Lair:1)
  A swamp dragon (Lair:4)
  A spiny frog (Lair:2)
  A rime drake (Lair:4)
  A komodo dragon (Lair:3)
  A merfolk (Lair:3)
  2 blink frogs (Lair:3)
  A wyvern (Lair:4)
  5 yaks
  A porcupine (Lair:3)
  A centaur (D:9)
  2 bullfrogs
  A killer bee (D:9)
  A wight (D:6)
  A hound (D:9)
  An orc wizard (D:10)
  An iguana (D:9)
  2 adders (D:2)
  A leopard gecko (D:9)
  An orc (D:10)
  A hobgoblin (D:2)
  2 jackals (D:6)
  4 kobolds (D:9)
  2 fungi
  A plant (Lair:3)
37 creatures vanquished.

Vanquished Creatures (others)
  A merfolk zombie (Lair:3)
  A blink frog skeleton (Lair:3)
  A rime drake skeleton (Lair:4)
  A hippogriff skeleton (Lair:4)
  A wyvern zombie (Lair:3)
  A water moccasin zombie (Lair:4)
  A bullfrog skeleton (D:10)
  A porcupine skeleton (Lair:3)
  A naga zombie (Lair:3)
  9 fungi
  5 plants (Lair:3)
23 creatures vanquished.

Grand Total: 336 creatures vanquished

Notes
Turn   | Place    | Note
-------+----------+-------------------------------------------
     0 | D:1      | Garbasso the Ogre Transmuter began the quest for the Orb.
     0 | D:1      | Reached XP level 1. HP: 19/19 MP: 3/3
   217 | D:1      | Reached XP level 2. HP: 27/28 MP: 3/5
   221 | D:1      | Learned a level 2 spell: Sticks to Snakes
   472 | D:1      | Reached XP level 3. HP: 24/35 MP: 4/6
  1230 | D:2      | Learned a level 3 spell: Spider Form
  1580 | D:2      | Reached XP level 4. HP: 20/44 MP: 0/7
  2575 | D:2      | Reached XP level 5. HP: 52/52 MP: 8/8
  2894 | D:3      | Found a transporter.
  2894 | D:3      | Noticed Ijyb
  2909 | D:3      | Killed Ijyb
  3318 | D:3      | Found a glowing silver altar of Zin.
  3318 | D:3      | Found a sacrificial altar of Ru.
  3321 | D:3      | Found a shattered altar of Ashenzari.
  3340 | D:3      | Found a transporter.
  3718 | D:3      | Found a sparkling altar of Nemelex Xobeh.
  3718 | D:3      | Noticed Jessica
  3729 | D:3      | Killed Jessica
  3729 | D:3      | Reached XP level 6. HP: 60/61 MP: 6/9
  4128 | D:4      | Noticed derval's ghost (amateur DEAE)
  4130 | D:4      | Found a runed gate.
  4279 | D:4      | Got a steaming morningstar
  4280 | D:4      | Identified the cursed +0 morningstar of Extinguishment
                  | {antimagic, rF++} (You found it on level 4 of the Dungeon)
  4575 | D:4      | Found a bloodstained altar of Trog.
  4610 | D:4      | Found an opulent altar of Gozag.
  4663 | D:4      | Found a runed gate.
  4663 | D:4      | Found a runed gate.
  4966 | D:5      | Entered Level 5 of the Dungeon
  5336 | D:5      | Reached XP level 7. HP: 51/70 MP: 0/10
  5341 | D:5      | Reached skill level 5 in Unarmed Combat
  5560 | D:5      | Learned a level 4 spell: Ice Form
  5847 | D:5      | Reached skill level 1 in Ice Magic
  6166 | D:5      | Found a stormy altar of Qazlal.
  6327 | D:6      | Noticed Prince Ribbit
  6365 | D:6      | Killed Prince Ribbit
  6365 | D:6      | Reached skill level 5 in Fighting
  6365 | D:6      | Reached skill level 5 in Transmutations
  6365 | D:6      | Reached XP level 8. HP: 34/80 MP: 11/11
  6976 | D:6      | Noticed Sigmund
  7008 | D:6      | Killed Sigmund
  7361 | D:6      | Found an ancient bone altar of Kikubaaqudgha.
  7495 | D:6      | Found a white marble altar of Elyvilon.
  7499 | D:6      | Found a radiant altar of Vehumet.
  7499 | D:6      | Found a shadowy altar of Dithmenos.
  7511 | D:6      | Found a blossoming altar of Fedhas.
  7511 | D:6      | Found an opulent altar of Gozag.
  7791 | D:7      | Noticed a hippogriff
  7796 | D:7      | Killed a hippogriff
  7796 | D:7      | Reached XP level 9. HP: 83/92 MP: 8/13
  8196 | D:7      | Found a staircase to the Ecumenical Temple.
  8204 | Temple   | Entered the Ecumenical Temple
  8304 | Temple   | Became a worshipper of Yredelemnul the Dark
  8819 | D:8      | Found a staircase to the Lair.
  9647 | D:7      | Found a hide-covered altar of Uskayaw.
  9655 | D:7      | Reached * piety under Yredelemnul
  9732 | D:7      | Noticed Menkaure
  9740 | D:7      | Killed Menkaure
  9769 | D:7      | Learned a level 5 spell: Blade Hands
 10049 | D:8      | Found a shattered altar of Ashenzari.
 10156 | D:8      | Found a hazy altar of Hepliaklqana.
 10237 | D:8      | Got a slimy lapis lazuli ring
 10591 | D:8      | Reached skill level 5 in Spellcasting
 10591 | D:8      | Reached skill level 1 in Invocations
 10591 | D:8      | Reached XP level 10. HP: 104/104 MP: 12/17
 10854 | D:9      | Identified the ring "Xicw" {Fire rPois rN+++ Str+2 Int-5}
                  | (You found it on level 8 of the Dungeon)
 10860 | D:9      | Found the +1 cloak of Starlight {rElec rC+ EV+4 Stlth--}
 11263 | D:9      | Reached ** piety under Yredelemnul
 11759 | D:9      | Found Pihochu's Armour Boutique.
 12044 | D:10     | Entered Level 10 of the Dungeon
 12292 | D:10     | Reached XP level 11. HP: 116/116 MP: 14/18
 12348 | D:10     | Reached *** piety under Yredelemnul
 12756 | D:10     | Reached skill level 10 in Fighting
 12758 | D:10     | Noticed an unseen horror
 13107 | Lair:1   | Entered Level 1 of the Lair of Beasts
 13230 | Lair:1   | Noticed Urug
 13231 | Lair:1   | Noticed a five-headed hydra
 13239 | Lair:1   | Killed a five-headed hydra
 13239 | Lair:1   | Reached skill level 10 in Unarmed Combat
 13247 | Lair:1   | Killed Urug
 13247 | Lair:1   | Reached skill level 5 in Invocations
 13995 | Lair:1   | Learned a level 3 spell: Regeneration
 14371 | Lair:1   | Noticed an ice dragon
 14387 | Lair:1   | Killed an ice dragon
 14387 | Lair:1   | Reached skill level 1 in Necromancy
 15755 | Lair:2   | Found a runed gate.
 15755 | Lair:2   | Found a runed gate.
 15755 | Lair:2   | Found a runed gate.
 15756 | Lair:2   | Noticed Garbasso's ghost (journeyman OgTm)
 16282 | Lair:3   | Found a staircase to the Snake Pit.
 16428 | Lair:3   | Found a staircase to the Shoals.
 16825 | Lair:3   | Reached XP level 12. HP: 114/130 MP: 10/19
 18123 | Lair:4   | Received a gift from Yredelemnul (a wight)
 18238 | Lair:4   | Noticed an alligator
 18247 | Lair:4   | Noticed an alligator
 18251 | Lair:4   | Killed an alligator
 18257 | Lair:4   | HP: 7/158 [alligator (23)]
 18257 | Lair:4   | Slain by an alligator

Vault maps used:
D:1:      giann_bridges, minmay_heptomino_w4
D:3:      gammafunk_temple_overflow_arena, nemelex_lonely_heart_becter,
          uniq_ijyb
D:4:      kennysheep_little_box, gammafunk_ghost_split, grunt_decor_cap,
          grunt_gozag_statues
D:5:      overflow_temple_1_default, first_ration, minivault_27
D:6:      minmay_overflow_temple_star_hex, kennysheep_mini, uniq_sigmund,
          uniq_prince_ribbit1
D:7:      eat_drink_and_be_merry_uskayaw, minmay_temple_entry_glass,
          uniq_menkaure
D:8:      overflow_temple_1_default, david_lair_generic, basic_altar
D:9:      serial_shops, shop
Temple:   nicolae_temple_figure_zero
Lair:1:   dragon1_lemuel, grunt_forest_stairs_basic,
          grunt_forest_small_clearings, serial_bayou_shore_b,
          grunt_megastairs_5, uniq_urug
Lair:2:   gammafunk_ghost_icy, grunt_megastairs_2, lemuel_fruit_fields
Lair:3:   elwin_shoals_entry_stream, minmay_snake_entry_guardpost_small,
          wad_woods_road_02
Lair:4:   onia_ninara_swampy_vault, hibernation_bobbens, serial_bayou_shore_a

Skill      XL: |  1  2  3  4  5  6  7  8  9 10 11 12 |
---------------+-------------------------------------+-----
Transmutations | 2 3 4 5 6 7 8 |  8.0
Unarmed Combat | 3 4 5 6 8 9 11 | 11.7
Fighting       | 2 3 4 5 6 8 9 11 | 11.9
Ice Magic      | 2 3 |  3.0
Spellcasting   | 3 5 |  5.9
Invocations    | 1 4 5 |  5.4
Dodging        | 3 4 |  4.8
Necromancy     | 3 |  3.0

Action                   |  1- 3 |  4- 6 |  7- 9 | 10-12 || total
-------------------------+-------+-------+-------+-------++-------
Melee: Unarmed           |    83 |   197 |   268 |   389 ||   937
       Kick              |     3 |     1 |     5 |     1 ||    10
       Headbutt          |     7 |     2 |     5 |     2 ||    16
       Punch             |       |     4 |     3 |     5 ||    12
       Morningstar       |       |    42 |    17 |       ||    59
Throw: Stone             |    54 |     4 |     3 |       ||    61
 Cast: Beastly Appendage |     9 |    10 |     8 |     5 ||    32
       Sticks to Snakes  |     3 |     3 |    17 |    10 ||    33
       Spider Form       |     1 |     9 |    10 |       ||    20
       Ice Form          |       |       |    14 |    19 ||    33
       Blade Hands       |       |       |       |     7 ||     7
       Regeneration      |       |       |       |     1 ||     1
Invok: Animate Remains   |       |       |     2 |    31 ||    33
       Injury Mirror     |       |       |       |     2 ||     2
       Animate Dead      |       |       |       |     9 ||     9
       Recall Undead Sla |       |       |       |     1 ||     1
 Abil: End Transformatio |     1 |     1 |       |     1 ||     3
Evoke: Wand              |       |     2 |       |       ||     2
  Use: Scroll            |       |     9 |     5 |     9 ||    23
       Potion            |       |       |       |     4 ||     4
 Stab: Distracted        |       |       |     1 |     3 ||     4
  Eat: Chunk             |     2 |    14 |    11 |    34 ||    61
       Ration            |       |       |     4 |     3 ||     7
Armor: Robe              |    36 |    56 |    22 |    31 ||   145
       Skin              |       |     5 |    23 |    55 ||    83
Dodge: Dodged            |    37 |   178 |   180 |   239 ||   634

Table legend:
 A = Non-vault XP
 B = Vault XP
 C = Vault XP percentage of total XP
 D = Non-vault monster count
 E = Vault monster count
 F = Vault count percentage of total count
                 A         B        C        D         E       F
            +---------+---------+-------+---------+---------+-------
      Total |   19575 |    6593 |  25.2 |     280 |      30 |   9.7
            +---------+---------+-------+---------+---------+-------
        D:1 |      39 |      19 |  32.8 |      21 |       8 |  27.6
        D:2 |     110 |       0 |   0.0 |      17 |       0 |   0.0
        D:3 |     106 |      64 |  37.6 |      23 |       2 |   8.0
        D:4 |     269 |       0 |   0.0 |      22 |       0 |   0.0
        D:5 |     340 |       0 |   0.0 |      19 |       0 |   0.0
        D:6 |     684 |     491 |  41.8 |      17 |       2 |  10.5
        D:7 |    1242 |     172 |  12.2 |      20 |       1 |   4.8
        D:8 |    1073 |     656 |  37.9 |      21 |       4 |  16.0
        D:9 |    2671 |       0 |   0.0 |      39 |       0 |   0.0
       D:10 |    2055 |       0 |   0.0 |      30 |       0 |   0.0
     Lair:1 |    1761 |    1734 |  49.6 |       7 |       2 |  22.2
     Lair:2 |    2768 |      85 |   3.0 |      16 |       1 |   5.9
     Lair:3 |    5115 |    2132 |  29.4 |      22 |       8 |  26.7
     Lair:4 |    1342 |    1240 |  48.0 |       6 |       2 |  25.0
            +---------+---------+-------+---------+---------+-------
